 Dungeon Crawl Stone Soup version 0.30.0-29-ga12c61a403 (webtiles) character file.

Game seed: 15061534082541710776

134 qw the Chopper (level 5, -1/32 HPs)
             Began as a Gargoyle Fighter on June 4, 2023.
             Slain by an orc
             ... wielding a +0 trident
              (4 damage)
             ... on level 3 of the Dungeon.
             The game lasted 00:00:58 (1623 turns).

qw the Chopper (Gargoyle Fighter)                   Turns: 1623, Time: 00:00:59

Health: -1/32      AC: 13    Str: 22    XL:     5   Next: 17%
Magic:  5/5        EV:  9    Int:  8    God:
Gold:   152        SH:  4    Dex:  9    Spells: 4/4 levels left

rFire   . . .        Y - +0 war axe
rCold   . . .        c - +0 buckler
rNeg    + . .        b - +0 scale mail
rPois   inf          (no helmet)
rElec   +            h - +1 cloak
rCorr   .            (no gloves)
SInv    .            (no boots)
Will    .....        (no amulet) Stlth
                     (no ring)
HPRegen 0.25/turn    (no ring)
MPRegen 0.09/turn

%: no passive effects
@: no status effects
A: sickness immunity, AC +4, negative energy resistance 1, electricity
resistance, torment resistance 1, petrification resistance
a: no special abilities


You were on level 3 of the Dungeon.
You visited 1 branch of the dungeon, and saw 3 of its levels.

You collected 152 gold pieces.


Innate Abilities, Weirdness & Mutations

You are immune to sickness and miasma.
Your stone body is resilient. (AC +4)
You are immune to poison.
You resist negative energy. (rN+)
You are resistant to electric shocks. (rElec)
You are resistant to unholy torment.
You are immune to petrification.


   Skills:
 - Level 3.2 Fighting
 - Level 4.6 Axes
 + Level 0.4 Throwing
 - Level 3.2 Armour
 - Level 3.2 Shields


You had 4 spell levels left.
You didn't know any spells.
Your spell library was empty.

Inventory:

Hand Weapons
 f - a +0 whip
 Y - a +0 war axe (weapon)
Missiles
 k - 5 silver javelins (quivered)
Armour
 b - a +0 scale mail (worn)
 c - a +0 buckler (worn)
 h - a +1 cloak (worn)
 j - a +0 chain mail
Wands
 g - a wand of digging (8)
Scrolls
 a - 2 scrolls of identify
 e - a scroll of vulnerability {unknown}
Potions
 d - a potion of might
 i - 2 potions of curing {unknown}

Dungeon Overview and Level Annotations

Branches:
Dungeon (3/15)

Altars:


Message History

You closely miss the orc priest. The bat hits you but does no damage.
The orc hits you but does no damage.
The orc priest miscasts a cantrip.
You block the orc's attack. The orc priest closely misses you.
You closely miss the orc priest.
The orc priest is lightly wounded.
You barely miss the bat.
The bat hits you but does no damage. x2; The orc barely misses you.
The orc priest closely misses you.
You closely miss the orc priest.
The orc priest is lightly wounded.
You hit the bat. The bat hits you but does no damage.
The orc priest closely misses you.
The orc hits you from afar with a +0 trident.
The bat misses you.
You hit the bat but do no damage.
The bat is moderately wounded.
You hit the orc priest. The bat completely misses you.
The orc hits you from afar with a +0 trident.
The orc priest closely misses you. The bat hits you but does no damage.
The orc closely misses you. The orc priest barely misses you.
You barely miss the orc priest.
The orc priest is moderately wounded.
You closely miss the bat. The bat hits you but does no damage.
The orc hits you but does no damage. You block the bat's attack.
The orc priest invokes the aid of Beogh against you.
You barely resist. You slash the orc priest!
The orc priest is almost dead.
You slash the bat!
You kill the bat!
The orc priest hits you but does no damage.
The orc barely misses you.
You slash the orc priest!
You kill the orc priest!
The orc hits you but does no damage.
The orc hits you from afar with a +0 trident.
You die...

...# ###...#### ###
#...(..... ...#.........
#. ### #.#......... #.#
..# ...o....... #.#
#.#######%))......
##.####.#.....#)@)......
........#.###.#.#..#####
........(.#<..#.##.#
......#########.##.#####
.......................#
.......#########.......#
.........# #.......#####
..###....# #...#........
## #....# #...#........


You could see an orc.

Vanquished Creatures
  An orc priest (D:3)
  An iguana (D:3)
  4 adders
  A worm (D:2)
  2 dart slugs
  5 orcs (D:3)
  3 endoplasms (D:3)
  4 giant cockroaches
  3 goblins
  5 hobgoblins
  A jackal (D:3)
  6 kobolds
  4 quokkas
  4 ball pythons
  5 bats
  3 frilled lizards (D:2)
  5 rats
57 creatures vanquished.

Notes
Turn   | Place    | Note
-------+----------+-------------------------------------------
     0 | D:1      | qw the Gargoyle Fighter began the quest for the Orb.
     0 | D:1      | Reached XP level 1. HP: 14/14 MP: 1/1
     0 | D:1      | 0 ||| qw: Version: 0.2-a-107-g4668610
     0 | D:1      | 0 ||| qw: Game counter: 1287
     0 | D:1      | 0 ||| qw: Always use a shield: true
     0 | D:1      | 0 ||| qw: God list: Okawaru
     0 | D:1      | 0 ||| qw: Allow faded altars: false
     0 | D:1      | 0 ||| qw: Do Orc after D:15 true
     0 | D:1      | 0 ||| qw: Do second Lair branch before Depths: true
     0 | D:1      | 0 ||| qw: Lair rune preference: random
     0 | D:1      | 0 ||| qw: Plans: Normal, Zot:1-4, Slime:5, God:TSO, Crypt,
                  | Tomb, Abyss, Pan, Hells, Win
     0 | D:1      | 0 ||| PLANNING D:1-11
   110 | D:1      | Reached skill level 2 in Axes
   181 | D:1      | Reached XP level 2. HP: 19/19 MP: 2/2
   361 | D:1      | 361 ||| Stepping ~*~*~tactically~*~*~ (hiding).
   362 | D:1      | 362 ||| Stepping ~*~*~tactically~*~*~ (hiding).
   363 | D:1      | 363 ||| Stepping ~*~*~tactically~*~*~ (hiding).
   447 | D:1      | 447 ||| Stepping ~*~*~tactically~*~*~ (stealth).
   449 | D:1      | 449 ||| Stepping ~*~*~tactically~*~*~ (stealth).
   455 | D:1      | 455 ||| Stepping ~*~*~tactically~*~*~ (stealth).
   575 | D:1      | Found a faded altar of an unknown god.
   634 | D:1      | 634 ||| READING 2 scrolls labelled MYDAOK NIFIJEE.
   635 | D:1      | 635 ||| READING scroll labelled LAFUIHYUZO.
   666 | D:2      | 666 ||| Stepping ~*~*~tactically~*~*~ (stealth).
   671 | D:2      | Reached skill level 3 in Axes
   673 | D:2      | Reached XP level 3. HP: 23/23 MP: 3/3
   782 | D:2      | Reached XP level 4. HP: 28/28 MP: 4/4
  1139 | D:2      | 1139 ||| UPGRADING to +1 cloak.
  1144 | D:2      | 1144 ||| READING scroll labelled JINOIT NOYS.
  1245 | D:2      | 1245 ||| READING scroll labelled QEISIRHILIOR.
  1246 | D:2      | 1246 ||| READING scroll labelled UXEMUI WAMUTRIFOIP.
  1279 | D:3      | 1279 ||| Stepping ~*~*~tactically~*~*~ (hiding).
  1286 | D:3      | Reached skill level 4 in Axes
  1329 | D:3      | 1329 ||| Stepping ~*~*~tactically~*~*~ (stealth).
  1511 | D:3      | Reached XP level 5. HP: 32/32 MP: 5/5
  1613 | D:3      | HP: 7/32 [orc/+2 mace of protection (3)]
  1619 | D:3      | HP: 5/32 [orc/+0 trident (2)]
  1620 | D:3      | HP: 2/32 [orc/+0 trident (3)]
  1623 | D:3      | Slain by an orc

Levels and vault maps discovered:
D:1:      dpeg_arrival_snail, layout_loops_ring, basic_ecumenical_altar
D:2:      layout_rooms, minmay_small_reverse_x
D:3:      layout_basic, minmay_divided_ellipse

Skill      XL: |  1  2  3  4 |
---------------+-------------+-----
Axes           | 2 3 4 |  4.6
Fighting       | |  3.2
Throwing       | |  0.4
Armour         | |  3.2
Shields        | |  3.2

Action                     |  1- 3 |  4- 6 || total
---------------------------+-------+-------++-------
  Melee: War axe           |   101 |    85 ||   186
  Throw: Javelin           |       |     4 ||     4
    Use: Scroll            |     2 |     3 ||     5
 Armour: Scale mail        |    63 |    51 ||   114
  Dodge: Dodged            |    52 |    50 ||   102
  Block: Buckler           |    15 |    15 ||    30

Table legend:
 A = Non-vault XP
 B = Vault XP
 C = Vault XP percentage of total XP
 D = Non-vault monster count
 E = Vault monster count
 F = Vault count percentage of total count
                 A         B        C        D         E       F
            +---------+---------+-------+---------+---------+-------
      Total |     142 |      91 |  39.1 |      40 |      17 |  29.8
            +---------+---------+-------+---------+---------+-------
        D:1 |      28 |       0 |   0.0 |      16 |       0 |   0.0
        D:2 |      52 |      18 |  25.7 |      14 |       4 |  22.2
        D:3 |      62 |      73 |  54.1 |      10 |      13 |  56.5
            +---------+---------+-------+---------+---------+-------
